 Dungeon Crawl Stone Soup version 0.32-a0-352-gb72868e (webtiles) character file.

Game seed: 14868247350895746649

6277 namul the Covert (level 10, -13/56 HPs)
             Began as a Spriggan Brigand on Feb 17, 2024.
             Was a Believer of Dithmenos.
             Mangled by a skeletal warrior
             ... wielding a +0 trident
              (24 damage)
             ... on level 9 of the Dungeon.
             The game lasted 01:12:29 (17541 turns).

namul the Covert (Spriggan Brigand)                Turns: 17541, Time: 01:12:30

Health: -13/56     AC:  3    Str: 13    XL:     10   Next: 63%
Magic:  11/11      EV: 18    Int: 13    God:    Dithmenos [**....]
Gold:   490        SH:  0    Dex: 27    Spells: 9/9 levels left

rFire   . . .        L - +1 dagger (speed)
rCold   . . .        (no shield)
rNeg    . . .        b - +0 robe
rPois   .            (helmet restricted)
rElec   .            c - +0 cloak
rCorr   .            (gloves unavailable)
SInv    +            (boots unavailable)
Will    +....        Q - amulet of regeneration
Stlth   ++++++++     l - +6 ring of strength
HPRegen 1.09/turn    I - +6 ring of dexterity
MPRegen 0.12/turn

%: no passive effects
@: marked, wreathed by umbra, very quick
A: very small, no large weapons, unfitting armour, see invisible, speed 3
a: Renounce Religion, Shadow Step


You were on level 9 of the Dungeon.
You worshipped Dithmenos.
Dithmenos was pleased with you.
You visited 2 branches of the dungeon, and saw 11 of its levels.

You collected 574 gold pieces.
You spent 84 gold pieces at shops.

Inventory:

Hand Weapons
 a - a +2 dagger
 q - a +0 rapier
 L - a +1 dagger of speed (weapon)
Missiles
 d - 16 poisoned darts
 e - 5 curare-tipped darts {!f}
 S - 3 throwing nets {!f}
Armour
 b - a +0 robe (worn)
 c - a +0 cloak (worn)
 J - a +1 kite shield of protection
Jewellery
 l - a +6 ring of strength (left hand)
 o - a +6 ring of strength
 I - a +6 ring of dexterity (right hand)
 Q - an amulet of regeneration (around neck)
Talismans
 p - a flux talisman
 N - a beast talisman
Wands
 h - a wand of charming (26)
 E - a wand of polymorph (10)
 G - a wand of flame (2) (quivered)
Scrolls
 i - 2 scrolls of revelation {unknown}
 j - 2 scrolls of teleportation {unknown}
 m - 2 scrolls of noise {unknown}
 r - 3 scrolls of identify
 s - 3 scrolls of poison {unknown}
 t - a scroll of torment {unknown}
 w - a scroll of vulnerability {unknown}
 y - a scroll of fear {unknown}
 A - 2 scrolls of immolation {unknown}
 B - 3 scrolls of amnesia {unknown}
 C - a scroll of enchant weapon {unknown}
 H - a scroll of fog {unknown}
 M - a scroll of butterflies {unknown}
 P - 2 scrolls of blinking {unknown}
 R - a scroll of enchant armour {unknown}
Potions
 f - a potion of might {!q}
 g - 2 potions of attraction
 k - a potion of lignification {unknown}
 n - a potion of degeneration
 u - 3 potions of brilliance {!q}
 v - a potion of heal wounds {!q}
 x - a potion of resistance {unknown}
 z - a potion of cancellation {unknown}
 D - 4 potions of curing {unknown}
 F - 2 potions of haste {unknown}
 O - a potion of ambrosia {unknown}
Miscellaneous
 K - a lightning rod (inert)


   Skills:
 + Level 7.7 Fighting
 - Level 10.0 Short Blades
 - Level 5.0 Throwing
 - Level 2.0 Dodging
 + Level 14.8 Stealth


You had 9 spell levels left.
You didn't know any spells.
Your spell library contained the following spells:

 Spells                   Type           Power      Damage    Failure   Level
 Apportation              Tloc           0%         N/A       30%         1
 Kiss of Death            Conj/Necr      0%         2d5       30%         1
 Necrotise                Necr           0%         1d4       30%         1
 Sting                    Conj/Alch      0%         1d3       30%         1
 Summon Small Mammal      Summ           0%         N/A       30%         1
 Jinxbite                 Hex            0%         N/A       43%         2
 Lesser Beckoning         Tloc           0%         N/A       43%         2
 Static Discharge         Conj/Air       0%         3-3/arc   43%         2
 Fugue of the Fallen      Necr           0%         N/A       67%         3
 Gell's Gravitas          Tloc           0%         N/A       67%         3
 Teleport Other           Tloc           0%         N/A       67%         3
 Airstrike                Air            0%         2d(0-16)  97%         4
 Summon Lightning Spire   Summ/Air       0%         N/A       97%         4
 Alistair's Intoxication  Alch           0%         N/A       100%        5
 Borgnjor's Vile Clutch   Necr/Erth      0%         N/A       100%        5
 Haunt                    Necr/Summ      0%         N/A       100%        7


Dungeon Overview and Level Annotations

Branches:
Dungeon (10/15)            Temple (1/1) D:6
   Lair: D:8-11         Orc: D:9-12

Altars:
Ashenzari
Cheibriados
Dithmenos
Elyvilon
Fedhas
Gozag
Hepliaklqana
Kikubaaqudgha
Makhleb
Nemelex Xobeh
Okawaru
Qazlal
Ru
Sif Muna
Trog
Uskayaw
Vehumet
Wu Jian
Xom
Yredelemnul
Zin
The Shining One

Shops:
D:2 [   D:4 *   D:8 :

Annotations:
D:4 1 transporter
D:9 4 runed translucent doors, Harold


Innate Abilities, Weirdness & Mutations

You are very small and have problems with some larger weapons.
You are too small for most types of armour.
You have supernaturally acute eyesight. (SInv)
You cover ground extremely quickly. (Speed+++)


Message History

Harold fires a harpoon shot at you. The harpoon shot hits you.
You are yanked forward by the harpoon shot.
Taken [4] Damage!
You left [52]HP The troll misses you.
The troll completely misses you. The troll barely misses you.
The troll misses you. The troll closely misses you. The troll claws you!
Taken [11] Damage!
You left [45]HP The troll bites you but does no damage.
The troll claws you. The troll closely misses you.
Things that are here:
a +2 falchion of flaming; a kobold skeleton Taken [3] Damage!
You left [42]HP
Things that are here:
a +0 dagger; a kobold skeleton The sentinel's mark upon you fades away.
Things that are here:
a +0 trident; 3 stones; a kobold skeleton
Things that are here:
a +0 short sword; a kobold skeleton The skeletal warrior attacks as it pursues you!
The skeletal warrior barely misses you.
The skeletal warrior hits you from afar with a +0 trident!!
* * * LOW HITPOINT WARNING * * *
Taken [20] Damage!
You left [36]HP The skeletal warrior hits you from afar with a +0 trident!!
* * * LOW HITPOINT WARNING * * *
Taken [21] Damage!
You left [16]HP Harold shouts!
Harold gestures at you while chanting. A sentinel's mark forms upon you.
You hit the troll.
The troll is lightly wounded.
You hit the troll.
The troll is lightly wounded.
The skeletal warrior hits you from afar with a +0 trident!
* * * LOW HITPOINT WARNING * * *
Taken [14] Damage!
You left [7]HP The skeletal warrior hits you from afar with a +0 trident!!
You die...

#...##.....###...#........
######.....##.............
#######....#####.#...
#####....#..# #.#..#
#####...........#####...##
###.....###...@.#.#.......##
#....######..........W.....T
#............z.......###...#
#....######@.T.#####.# #...#
###### #....# #.# ##..#
#....# #.# #... #....# #.#
#.## ############### #.# #)#
#........# #.# #.# #........#
#.# #.#
###........##########.####.#
#........................#.##


You could see Harold, a skeletal warrior and a troll.

Vanquished Creatures
  Jeremiah (D:9)
  A troll (D:9)
  A hornet (D:9)
  A wraith (D:5)
  8 yaks
  A steam dragon (D:7)
  2 water moccasins
  2 orc warriors
  2 sky beasts (D:6)
  2 ice beasts (D:6)
  2 black bears
  2 ogres
  A centaur (D:9)
  2 kobold brigands
  6 bullfrogs
  3 phantoms
  8 scorpions
  5 wights
  4 killer bees (D:9)
  2 howler monkeys
  3 bombardier beetles
  5 hounds
  3 jellies
  An orc priest (D:4)
  A sleepcap (D:5)
  Ijyb (D:2)
  10 orc wizards
  4 iguanas
  4 gnolls
  9 adders
  A white imp (D:7)
  4 ufetubi
  2 dart slugs
  2 ribbon worms (D:4)
  25 orcs
  6 ball pythons
  8 endoplasms
  6 giant cockroaches
  14 goblins
  2 hobgoblins
  6 jackals (D:1)
  18 kobolds
  8 quokkas
  8 bats
  A frilled lizard (D:1)
  4 rats
212 creatures vanquished.

Notes
Turn   | Place    | Note
-------+----------+-------------------------------------------
     0 | D:1      | namul the Spriggan Brigand began the quest for the Orb.
     0 | D:1      | Reached XP level 1. HP: 10/10 MP: 2/2
   106 | D:1      | Reached skill level 6 in Stealth
   121 | D:1      | Reached XP level 2. HP: 11/15 MP: 3/3
   437 | D:1      | Reached XP level 3. HP: 18/18 MP: 4/4
  1044 | D:2      | Reached XP level 4. HP: 21/23 MP: 5/5
  1124 | D:2      | Found Otasimeq's Antique Armour Boutique.
  1208 | D:2      | Found a shimmering blue altar of Sif Muna.
  1245 | D:2      | Noticed Ijyb
  1822 | D:2      | Reached skill level 7 in Stealth
  1930 | D:2      | Found Otasimeq's Antique Armour Boutique.
  1999 | D:2      | Found a shimmering blue altar of Sif Muna.
  2066 | D:2      | Killed Ijyb
  2448 | D:3      | Reached XP level 5. HP: 27/27 MP: 6/6
  2450 | D:3      | Noticed a black bear
  2453 | D:3      | Killed a black bear
  2455 | D:3      | Found a white marble altar of Elyvilon.
  3457 | D:3      | Reached XP level 6. HP: 4/32 MP: 7/7
  3621 | D:3      | Reached skill level 8 in Stealth
  3743 | D:4      | Found Rocs's General Store.
  3886 | D:4      | Bought a potion of brilliance for 56 gold pieces
  3886 | D:4      | Bought a scroll of identify for 28 gold pieces
  4325 | D:4      | Reached skill level 5 in Short Blades
  4325 | D:4      | Reached XP level 7. HP: 33/37 MP: 8/8
  4621 | D:4      | Reached skill level 9 in Stealth
  5385 | D:4      | Found a transporter.
  5835 | D:4      | Found a hide-covered altar of Uskayaw.
  5897 | D:5      | Entered Level 5 of the Dungeon
  5920 | D:5      | Reached skill level 10 in Stealth
  6120 | D:5      | Reached XP level 8. HP: 42/42 MP: 9/9
  6737 | D:5      | Reached skill level 5 in Fighting
  7569 | D:5      | Reached skill level 11 in Stealth
  8895 | D:6      | Found a bloodstained altar of Trog.
  8961 | D:6      | Reached XP level 9. HP: 27/48 MP: 10/10
  9246 | D:6      | Found a staircase to the Ecumenical Temple.
  9302 | Temple   | Entered the Ecumenical Temple
  9344 | Temple   | Became a worshipper of Dithmenos the Shadowed
  9540 | D:6      | Found a broken altar of Ashenzari.
  9542 | D:6      | Found an ornate altar of the Wu Jian Council.
 10001 | D:5      | Reached skill level 12 in Stealth
 11484 | D:5      | Reached skill level 5 in Throwing
 11909 | D:7      | Reached skill level 13 in Stealth
 12019 | D:7      | Found a sacrificial altar of Ru.
 12831 | D:7      | Found a sacrificial altar of Ru.
 13718 | D:7      | Reached * piety under Dithmenos
 14029 | D:8      | Found Pibotzuo's Vocational Training.
 14033 | D:8      | Noticed a boulder beetle
 14288 | D:8      | Reached XP level 10. HP: 53/53 MP: 11/11
 15306 | D:9      | Found a shimmering altar of Xom.
 15307 | D:9      | Found a shimmering altar of Xom.
 15421 | D:9      | Identified the +1 shortbow of Pride {antimagic, Str+3
                  | Dex+4}
 15483 | D:9      | Found a shimmering altar of Xom.
 15484 | D:9      | Noticed Jeremiah
 15485 | D:9      | Found a shimmering altar of Xom.
 15487 | D:9      | Found a shimmering altar of Xom.
 15487 | D:9      | Found a shimmering altar of Xom.
 15489 | D:9      | Found a shimmering altar of Xom.
 15491 | D:9      | Killed Jeremiah
 15590 | D:9      | Found a large runed translucent door.
 15591 | D:9      | Found a large runed translucent door.
 15599 | D:9      | Reached skill level 14 in Stealth
 15601 | D:9      | Noticed a two-headed ogre
 15854 | D:9      | Found a large runed translucent door.
 15854 | D:9      | Found a large runed translucent door.
 15868 | D:9      | Noticed a skeletal warrior
 16132 | D:9      | Found a glowing golden altar of the Shining One.
 16165 | D:10     | Entered Level 10 of the Dungeon
 16229 | D:9      | Reached ** piety under Dithmenos
 16746 | D:9      | Noticed Harold
 17007 | D:9      | Found an ancient bone altar of Kikubaaqudgha.
 17150 | D:9      | Noticed an arcanist
 17185 | D:9      | Reached skill level 10 in Short Blades
 17186 | D:9      | Identified the +3 spear of Conservatism {vamp, rC+ rN+
                  | Str+4}
 17239 | D:9      | Got Gacousch's Collected Works on Profane Spells
 17541 | D:9      | Mangled by a skeletal warrior

Illustrated notes

Levels and vault maps discovered:
D:1:      sevenhm_arrival_forest_fort_small_1, layout_basic
D:2:      kennysheep_the_goblin_king, layout_basic, basic_altar, serial_shops,
          shop_fountains
D:3:      layout_loops_ring, mainiacjoe_overflow_six_doors_small
D:4:      cheibrodos_pilgrimage, layout_basic, nicolae_uskayaw_suspiria,
          gammafunk_ghost_mausoleum, minivault_14, chequers_serial_rivers_marsh,
          st_stairs_9, nicolae_stop_n_shop_2
D:5:      minmay_clustersquares, layout_loops_ring, uniq_ijyb
D:6:      layout_loops_ring, mainiacjoe_overflow_concentric_impassable,
          grunt_temple_overflow_open, minmay_temple_entry_tees
D:7:      layout_basic, nicolae_ru_great_annihilating_truth
D:8:      layout_gridville, nicolae_shop_vocational
D:9:      layout_rooms, lemuel_coloured_pillars_altar, tso_oasis_becter,
          nicolae_xom_altar_mimics, minmay_hollow_rounded_squares,
          uniq_jeremiah, uniq_harold
D:10:     layout_layer_cave, hiddenorc1_lemuel, chequers_garden, uniq_joseph
Temple:   compressed_dpeg_triangle_lava_temple

Skill      XL: |  1  2  3  4  5  6  7  8  9 10 |
---------------+-------------------------------+-----
Stealth        | 6 7 8 10 11 13 14 | 14.8
Dodging        | 2 |  2.0
Fighting       | 2 3 4 5 6 7 |  7.7
Short Blades   | 3 4 5 6 7 8 10 | 10.0
Throwing       | 3 5 |  5.0

Action                     |  1- 3 |  4- 6 |  7- 9 | 10-12 || total
---------------------------+-------+-------+-------+-------++-------
  Melee: Dagger            |   105 |   188 |   647 |   312 ||  1252
  Throw: Dart              |       |    31 |    63 |     1 ||    95
  Evoke: Wand              |       |       |    20 |     5 ||    25
         Lightning rod     |       |       |     1 |     4 ||     5
    Use: Scroll            |       |     3 |       |       ||     3
         Potion            |       |       |     2 |       ||     2
   Stab: Sleeping          |    13 |    13 |    30 |     6 ||    62
         Distracted        |       |     2 |     7 |     6 ||    15
 Armour: Robe              |    30 |    85 |   173 |    77 ||   365
  Dodge: Dodged            |    76 |   135 |   321 |   167 ||   699

Table legend: (Time is in decaauts)
 A = Elapsed time spent in this place.
 B = Non-inter-level travel time spent in this place.
 C = Inter-level travel time spent in this place.
 D = Time resting spent in this place.
 E = Time spent auto-exploring this place.
 F = Levels seen in this place.
 G = Mean time per level.
                   A        B        C        D        E       F      G
               +--------+--------+--------+--------+--------+-----+--------+
         Total |  12224 |  12214 |     10 |   2924 |   4564 |  11 | 1111.3 |
       Dungeon |  12192 |  12182 |     10 |   2924 |   4564 |  10 | 1219.2 |
        Temple |     31 |     31 |      0 |      0 |      0 |   1 |   31.0 |
               +--------+--------+--------+--------+--------+-----+--------+

Top non-repeatable levels by time:
     D:5: 3293 daAuts
     D:9: 1515 daAuts
     D:7: 1509 daAuts
     D:4: 1285 daAuts
     D:3: 1235 daAuts
     D:2: 937 daAuts
     D:8: 862 daAuts
     D:6: 848 daAuts
     D:1: 670 daAuts
    D:10: 33 daAuts
  Temple: 31 daAuts
